AoeStats
← Hello World

Arena

509526146Analyzed
4v4 RM · 6d ago on Sep 27, 2026· 40m 20s· 8 players
Game mode
Random Map
Map size
Large (8 player)
Population
200
Speed
Normal
Resources
Standard
Victory
Conquest
Starting age
Dark Age
Ending age
Imperial Age
RankedLock teamsTeams togetherTeam positionsShared explorationLock speedFull tech treeHidden civsTurbo modeCheats
Victory
Defeat
🇦🇷 Saracens · Argentina
1142
+14
🇺🇸 Britons · United States
1116
+15
🇺🇸 Hindustanis · United States
1104
+16
🇦🇷 Armenians · Argentina
1096
+16
🇲🇽 Teutons · Mexico
1160
-17
🇲🇽 Italians · Mexico
1116
-16
🇺🇸 Cumans · United States
1061
-14
🇺🇸 Magyars · United States
1060
-14
DoomedOyster
9:53 Feudal Age
8:11 Loom
13:01 Fletching
12:40 Man-at-Arms
17:59 Double-Bit Axe
23:34 Castle Age
22:46 Horse Collar
23:44 Crossbowman
25:47 Bodkin Arrow
28:12 Bow Saw
32:36 Heavy Plow
32:53 Padded Archer Armor
33:26 Ballistics
41:10 Imperial Age
39:42 Gold Mining
Hello World
8:44 Loom
11:18 Feudal Age
12:47 Arson
12:24 Man-at-Arms
13:35 Forging
13:53 Scale Mail Armor
13:45 Double-Bit Axe
17:09 Horse Collar
25:00 Castle Age
23:03 Stone Mining
23:47 Arson
24:15 Gold Mining
26:22 Iron Casting
26:56 Fletching
28:52 Chain Mail Armor
30:50 Bow Saw
30:58 Squires
33:06 Bloodlines
37:00 Bodkin Arrow
37:32 Squires
38:27 Grand Trunk Road
40:00 Wheelbarrow
40:43 Town Watch
Okisan
12:14 Feudal Age
16:34 Castle Age
14:26 Double-Bit Axe
15:28 Loom
15:29 Horse Collar
29:02 Stone Mining
TheDuff_KøK
10:10 Feudal Age
14:06 Castle Age
12:20 Horse Collar
13:44 Double-Bit Axe
15:30 Wheelbarrow
16:26 Heavy Plow
21:26 Bow Saw
22:36 Scale Barding Armor
22:31 Scale Mail Armor
22:38 Loom
22:39 Town Watch
24:05 Forging
24:13 Hand Cart
24:18 Bloodlines
24:10 Husbandry
25:47 Chain Barding Armor
26:32 Chain Mail Armor
29:41 Iron Casting
33:55 Imperial Age
33:13 Ballistics
32:55 Murder Holes
33:40 Fletching
33:58 Gold Mining
35:00 Conscription
34:05 Heavy Camel Rider
35:36 Plate Barding Armor
36:35 Plate Mail Armor
37:06 Blast Furnace
37:08 Chemistry
36:20 Siege Engineers
38:12 Gold Shaft Mining
37:27 Stone Mining
38:42 Elite Mameluke
39:55 Bodkin Arrow
Jomaloro
11:03 Feudal Age
12:48 Double-Bit Axe
16:05 Castle Age
14:55 Horse Collar
17:44 Bow Saw
19:06 Fletching
21:15 Wheelbarrow
25:46 Bodkin Arrow
27:50 Hand Cart
33:56 Imperial Age
31:34 Stone Mining
32:21 Gold Mining
33:28 Padded Archer Armor
32:53 Elite Skirmisher
34:14 Ballistics
35:35 Conscription
36:11 Thumb Ring
38:49 Two-Man Saw
OWL | AlfredtheAlpaca
11:10 Feudal Age
13:05 Double-Bit Axe
15:37 Castle Age
16:42 Scale Mail Armor
16:04 Pikeman
17:47 Squires
17:59 Forging
19:40 Man-at-Arms
21:53 Bow Saw
23:12 Arson
24:14 Gambesons
26:40 Long Swordsman
28:07 Gold Mining
28:39 Chain Mail Armor
29:00 Iron Casting
28:25 Loom
31:12 Wheelbarrow
31:06 Scale Barding Armor
32:02 Bloodlines
38:49 Imperial Age
36:43 Chain Barding Armor
Porqin
11:27 Feudal Age
13:41 Scale Barding Armor
13:21 Horse Collar
14:00 Bloodlines
19:32 Double-Bit Axe
24:07 Castle Age
25:03 Bow Saw
24:56 Heavy Plow
30:58 Husbandry
31:07 Fletching
31:17 Padded Archer Armor
32:21 Bodkin Arrow
33:51 Chain Barding Armor
34:33 Wheelbarrow
33:47 Loom
33:48 Town Watch
34:19 Thumb Ring
34:55 Leather Archer Armor
36:19 Ballistics
38:54 Imperial Age
39:00 Imperial Age
38:59 Hand Cart
38:45 Town Patrol
40:11 Bracer
wololol
7:22 Loom
10:09 Feudal Age
11:05 Double-Bit Axe
20:47 Horse Collar
28:17 Castle Age
27:47 Fletching
28:29 Stone Mining
28:30 Gold Mining
29:42 Bodkin Arrow
33:27 Imperial Age
32:01 Steppe Husbandry
33:15 Wheelbarrow
33:11 Bow Saw
35:44 Hand Cart
Connection lost

Rejoining the realm…

Still unreachable

The connection could not be restored.

Session expired

The server has moved on; the page needs a fresh start.